 Dungeon Crawl Stone Soup version 0.18.1-48-g4cf74bf (webtiles) character file.

9479 Implojin the Cleaver (level 11, -14/104 HPs)
             Began as a Minotaur Fighter on July 23, 2016.
             Was a High Priest of Okawaru.
             Hit by a large rock thrown by a cyclops (38 damage)
             ... on level 15 of the Dungeon.
             The game lasted 00:22:13 (2402 turns).

Implojin the Cleaver (Minotaur Fighter)             Turns: 2402, Time: 00:22:14

Health: -14/104    AC: 12    Str: 21    XL:     11   Next: 23%
Magic:  10/12      EV: 12    Int:  5    God:    Okawaru [*****.]
Gold:   153        SH: 14    Dex: 13    Spells: 0 memorised, 10 levels left

rFire  . . .     SeeInvis +     O - +0 broad axe
rCold  + . .     Gourm    .     w - +2 scale mail {rC+}
rNeg   . . .     Faith    .     c - +0 shield
rPois  .         Spirit   .     (helmet restricted)
rElec  .         Dismiss  .     i - +1 cloak
rCorr  .         Reflect  .     (no gloves)
SustAt .         Harm     .     (no boots)
MR     +....                    (no amulet)
Stlth  +.........               v - ring of see invisible
                                r - ring of protection from magic

@: heroism, very slightly contaminated, hasted (expiring), studying Unarmed
Combat, very quick, somewhat resistant to hostile enchantments, very unstealthy
A: retaliatory headbutt, horns 2
a: Heroism, Finesse, Renounce Religion


You were on level 15 of the Dungeon.
You worshipped Okawaru.
Okawaru was extremely pleased with you.
You were hungry.

You visited 2 branches of the dungeon, and saw 16 of its levels.
You also visited: Ossuary and Bailey.

You collected 283 gold pieces.
You spent 130 gold pieces at shops.

Inventory:

Hand Weapons
 a - a +0 war axe
 d - a +0 hand axe of freezing
 k - the +0 hand axe of Offence {speed, *Confuse MR+ Int+5}
   (You found it on level 13 of the Dungeon)

   Attacks with this weapon are significantly faster.
   It affects your intelligence (+5).
   It affects your resistance to hostile enchantments.
   It may confuse you when you take damage.
 O - a +0 broad axe (weapon)
 P - a +3 hand axe
Missiles
 g - 2 tomahawks
 M - 25 tomahawks of returning (quivered)
Armour
 b - a +0 scale mail
 c - a +0 shield (worn)
 e - a +2 large shield
 i - a +1 cloak (worn)
 l - a +0 chain mail
 w - a +2 scale mail of cold resistance (worn)
 G - a +0 ring mail of magic resistance
Jewellery
 r - a ring of protection from magic (left hand)
 v - a ring of see invisible (right hand)
 J - a -3 ring of intelligence
 L - an uncursed ring of sustain attributes
 V - an uncursed ring of wizardry
Wands
 j - a wand of lightning (9/15)
 q - a wand of hasting (6/9)
 s - a wand of polymorph (8/24)
 y - a wand of random effects (13/48)
 K - a wand of disintegration (8/24)
 N - a wand of random effects (16/48)
Scrolls
 h - 3 scrolls of remove curse
 m - 2 scrolls of fear
 n - a scroll of enchant armour
 p - a scroll of immolation
 F - a scroll of fog {unknown}
 H - a scroll of amnesia {unknown}
 S - a scroll of random uselessness {unknown}
 U - a scroll of enchant weapon {unknown}
 W - a scroll of teleportation
Potions
 o - 2 potions of cancellation
 t - 2 potions of lignification {unknown}
 x - 3 potions of curing
 z - a potion of ambrosia {unknown}
 A - a potion of degeneration {unknown}
 B - 2 potions of cure mutation {unknown}
 C - a potion of heal wounds {unknown}
 D - 2 potions of magic {unknown}
 E - 3 potions of flight
 I - a potion of berserk rage {unknown}
 T - a potion of mutation {unknown}
Books
 Q - a manual of Unarmed Combat
Miscellaneous
 R - a sack of spiders
Comestibles
 f - 3 bread rations
 u - 4 chunks of flesh
 X - a meat ration


   Skills:
 - Level 12.3(17.3) Fighting
 * Level 12.7(17.7) Axes
 - Level 3.6(8.6) Armour
 - Level 11.1(16.1) Shields
 - Level 3.6 Invocations


You had 10 spell levels left.
You didn't know any spells.

Dungeon Overview and Level Annotations

Branches:
Dungeon (15/15)            Temple (1/1) D:6            Lair (0/8) D:8
    Orc: D:9-12      Vaults: D:13-14     Depths: D:15

Altars:
Dithmenos
Elyvilon
Fedhas
Gozag
Nemelex Xobeh
Okawaru
Qazlal
Ru
Sif Muna
Trog
Vehumet
Xom
Yredelemnul
Zin
The Shining One

Shops:
D:13 [

Annotations:
D:11 exclusion: 2 doors
D:12 !care 4h hydra on d:11 upstairs
D:13 exclusion: upstairs


Innate Abilities, Weirdness & Mutations

You reflexively headbutt those who attack you in melee.
You have a pair of horns on your head.


Message History

There is an open door here.
Okay, then.
Evoke which item? (* to show all) (? for menu, Esc to quit)
Zapping:
q - a wand of hasting (7/9)
Press: ? - help, Shift-Dir - straight line, f - you You feel yourself speed up.
You are very lightly contaminated with residual magic.
This wand has 6 charges left.
Unknown command.
You gain the combat prowess of a mighty hero.
You are feeling hungry.
You slice the skeletal warrior!! You headbutt the skeletal warrior.
The skeletal warrior is moderately damaged.
Your scale mail prevents you from hitting the skeletal warrior.
The skeletal warrior is moderately damaged.
The skeletal warrior hits you with a trident of freezing!
* * * LOW HITPOINT WARNING * * *
The skeletal warrior freezes you.
* * * LOW HITPOINT WARNING * * *
The skeletal warrior hits you but does no damage.
There is an open door here.
Wield which item (- for none, * to show all)? (? for menu, Esc to quit)
Okay, then.
Quiver which item? (- for none, * to show all) (? for menu, Esc to quit)
Okay, then.
Unknown command.
Unknown command.
Your extra speed is starting to run out.
You feel like a meek peon again.
There is a stone staircase leading down here.
You climb downwards.
A cyclops comes into view.
There is a stone staircase leading up here.
Unknown command.
Unknown command.
You gain the combat prowess of a mighty hero.
You feel slightly more hungry.
A salamander stormcaller comes into view.
It is wielding a trident of holy wrath.
The cyclops throws a large rock.
The large rock hits you!!!
You die...

#...... #......
#...... #......
# #...... N.#
.......####...+
........<.....+
####..@......#
#.........#
#C..........
#...........
#...........
#...........
#..#####....
#.. ...


You could see a salamander stormcaller and a cyclops.

Vanquished Creatures
  A tengu warrior (D:13)
  An unseen horror (D:13)
  5 ugly things (D:14)
  2 centaur zombies
  A cyclops (D:14)
  Psyche (D:10)
  A kobold demonologist (D:14)
  A tengu conjurer (D:13)
  A wyvern (D:10)
  A wraith (D:13)
  4 yaks
  3 hippogriffs
  A black bear (D:13)
  A sky beast (D:7)
  5 orc warriors (Bailey)
  3 phantoms
  3 ogres
  A wasp (D:10)
  4 centaurs
  An elf zombie (D:7)
  3 giant frogs
  A gnoll sergeant (D:8)
  2 elf skeletons (D:7)
  2 wyvern zombies
  2 howler monkeys (D:8)
  3 wights (D:11)
  2 crimson imps
  2 hounds
  A human zombie (D:7)
  A jelly (D:11)
  An orc wizard (D:10)
  2 centaur skeletons
  An iguana (D:8)
  An orc priest (D:10)
  4 worker ants
  2 sheep (D:14)
  8 mummies (Ossuary)
  A worker ant zombie (D:8)
  7 gnolls
  7 adders
  2 shadow imps
  9 orcs
  A bat (D:3)
  A giant cockroach (D:2)
  A gnoll zombie (Ossuary)
  8 goblins
  3 hobgoblins
  2 quokkas
  2 giant newts
  2 hobgoblin zombies (Ossuary)
  11 kobolds
  3 kobold zombies (Ossuary)
  2 orc skeletons (D:7)
  2 orc zombies (Ossuary)
  A rat (D:2)
144 creatures vanquished.

Notes
Turn   | Place    | Note
--------------------------------------------------------------
     0 | D:1      | Implojin the Minotaur Fighter began the quest for the Orb.
     0 | D:1      | Reached XP level 1. HP: 19/19 MP: 0/0
   170 | D:2      | Reached skill level 3 in Axes
   170 | D:2      | Reached XP level 2. HP: 18/26 MP: 1/1
   194 | D:2      | Reached skill level 4 in Axes
   201 | D:2      | Reached XP level 3. HP: 18/31 MP: 2/2
   351 | D:3      | Reached skill level 5 in Axes
   375 | D:4      | Found a bloodstained altar of Trog.
   389 | D:5      | Entered Level 5 of the Dungeon
   399 | D:5      | Reached XP level 4. HP: 35/39 MP: 3/3
   404 | D:5      | Noticed a centaur
   405 | D:5      | Noticed a centaur
   411 | D:5      | Killed a centaur
   411 | D:5      | Reached skill level 6 in Axes
   411 | D:5      | Reached XP level 5. HP: 32/45 MP: 4/4
   413 | D:5      | Killed a centaur
   413 | D:5      | Reached skill level 7 in Axes
   415 | D:5      | Reached XP level 6. HP: 27/51 MP: 5/5
   470 | D:6      | Found a staircase to the Ecumenical Temple.
   477 | Temple   | Entered the Ecumenical Temple
   521 | Temple   | Became a worshipper of Warmaster Okawaru
   570 | D:6      | Found a shimmering altar of Xom.
   592 | D:7      | Noticed a sky beast
   597 | D:7      | Killed a sky beast
   597 | D:7      | Reached skill level 8 in Axes
   696 | D:7      | Reached skill level 9 in Axes
   696 | D:7      | Reached XP level 7. HP: 30/57 MP: 6/6
   719 | D:7      | Found a sand-covered staircase.
   730 | D:7      | Reached * piety under Okawaru
   750 | Ossuary  | Entered an ossuary
   799 | Ossuary  | Reached skill level 10 in Axes
   981 | D:8      | Found a staircase to the Lair.
   991 | D:8      | Noticed a hippogriff
   997 | D:8      | Reached skill level 11 in Axes
  1000 | D:8      | Killed a hippogriff
  1000 | D:8      | Reached skill level 4 in Fighting
  1000 | D:8      | Reached XP level 8. HP: 64/67 MP: 3/7
  1003 | D:8      | Reached skill level 5 in Fighting
  1036 | D:8      | Reached skill level 6 in Fighting
  1045 | D:8      | Reached skill level 7 in Fighting
  1080 | D:10     | Entered Level 10 of the Dungeon
  1129 | D:11     | Reached skill level 8 in Fighting
  1158 | D:11     | Noticed an eight-headed hydra
  1162 | D:11     | Noticed a four-headed hydra
  1195 | D:10     | Reached ** piety under Okawaru
  1195 | D:10     | Reached skill level 9 in Fighting
  1268 | D:10     | Reached XP level 9. HP: 66/85 MP: 5/8
  1280 | D:10     | Reached skill level 10 in Fighting
  1466 | D:10     | Reached *** piety under Okawaru
  1466 | D:10     | Reached skill level 11 in Fighting
  1496 | D:10     | Noticed Psyche
  1507 | D:10     | Killed Psyche
  1507 | D:10     | Reached skill level 12 in Fighting
  1528 | D:10     | Reached skill level 1 in Invocations
  1636 | D:11     | Noticed a red ugly thing
  1652 | D:11     | Noticed a four-headed hydra
  1679 | D:12     | Found a flagged portal.
  1690 | Bailey   | Entered a bailey
  1720 | Bailey   | Reached skill level 2 in Invocations
  1767 | Bailey   | Reached skill level 3 in Invocations
  1781 | Bailey   | Reached skill level 4 in Shields
  1878 | D:13     | Found Miytec's Antique Armour Emporium.
  1878 | D:13     | Noticed an unseen horror
  1882 | D:13     | Noticed a tengu conjurer
  1890 | D:13     | Reached XP level 10. HP: 60/97 MP: 8/11
  1891 | D:13     | Killed an unseen horror
  1891 | D:13     | Reached **** piety under Okawaru
  1891 | D:13     | Reached skill level 6 in Shields
  1895 | D:13     | Noticed a tengu warrior
  1909 | D:13     | Reached skill level 7 in Shields
  1913 | D:13     | Bought a runed large shield for 130 gold pieces
  1981 | D:13     | Got an ancient hand axe
  1988 | D:13     | Identified the cursed +0 hand axe of Offence {speed, *Confuse MR+ Int+5} (You found it on level 13 of the Dungeon)
  2076 | D:13     | Killed a tengu warrior
  2076 | D:13     | Reached skill level 9 in Shields
  2091 | D:14     | Noticed a cyclops
  2107 | D:14     | Killed a cyclops
  2107 | D:14     | Reached skill level 10 in Shields
  2108 | D:14     | Noticed a soul eater
  2136 | D:14     | Found a blossoming altar of Fedhas.
  2147 | D:14     | Reached skill level 11 in Shields
  2222 | D:14     | Noticed a green ugly thing
  2222 | D:14     | Noticed a green ugly thing
  2223 | D:14     | Noticed a green ugly thing
  2226 | D:14     | Noticed a green ugly thing
  2227 | D:14     | Noticed a green ugly thing
  2233 | D:14     | Killed a green ugly thing
  2233 | D:14     | Reached ***** piety under Okawaru
  2237 | D:14     | Killed a green ugly thing
  2237 | D:14     | Reached XP level 11. HP: 65/104 MP: 10/12
  2240 | D:14     | Killed a green ugly thing
  2240 | D:14     | Received a gift from Okawaru
  2240 | D:14     | Reached skill level 12 in Axes
  2247 | D:14     | Killed a brown ugly thing
  2250 | D:14     | Killed a white ugly thing
  2360 | D:14     | Noticed a skeletal warrior
  2361 | D:14     | Noticed a skeletal warrior
  2361 | D:14     | Noticed a skeletal warrior
  2361 | D:14     | Noticed a skeletal warrior
  2400 | D:15     | Entered Level 15 of the Dungeon
  2402 | D:15     | Noticed a salamander stormcaller
  2402 | D:15     | Hit by a large rock thrown by a cyclops

Skill      XL: |  1  2  3  4  5  6  7  8  9 10 11 |
---------------+----------------------------------+-----
Axes           | 3 4 5 6 7 9 11 12 | 12.7
Fighting       | 4 9 12 | 12.3
Invocations    | 3 |  3.6
Shields        | 4 11 | 11.1
Armour         | |  3.6

Action                   |  1- 3 |  4- 6 |  7- 9 | 10-12 || total
-------------------------+-------+-------+-------+-------++-------
Melee: War axe           |    37 |    49 |   249 |       ||   335
       Headbutt          |     7 |     8 |    49 |    21 ||    85
       Broad axe         |       |       |     9 |    99 ||   108
Invok: Heroism           |       |       |    22 |     9 ||    31
Evoke: Wand              |       |       |     1 |     3 ||     4
  Use: Scroll            |     6 |       |     4 |     4 ||    14
       Potion            |       |     1 |     5 |       ||     6
  Eat: Chunk             |       |       |     3 |     1 ||     4
       Bread ration      |       |       |     1 |       ||     1
Armor: Chain mail        |    17 |    30 |    45 |       ||    92
       Scale mail        |     2 |       |    40 |    18 ||    60
Dodge: Dodged            |     9 |     9 |    67 |    32 ||   117
Block: Shield            |    21 |    25 |   136 |    52 ||   234

Table legend:
 A = Turns spent in this place as a percentage of turns spent in the entire game.
 B = Non-inter-level travel turns spent in this place as a percentage of non-inter-level travel turns spent in the entire game.
 C = Inter-level travel turns spent in this place as a percentage of turns spent in this place.
 D = Turns resting spent in this place as a percentage of non-inter-level travel turns spent in this place.
 E = Turns spent auto-exploring this place as a percentage of non-inter-level travel turns spent in this place.
 F = Non-inter-level travel turns spent in this place divided by the number of levels of this place that you've seen.
                   A       B       C       D       E      F
               +-------+-------+-------+-------+-------+----------------------
         Total | 100.0 | 100.0 |   0.0 |   0.0 |   0.0 | 142.2
       Dungeon |  83.6 |  83.6 |   0.0 |   0.0 |   0.0 | 142.6
        Temple |   2.3 |   2.3 |   0.0 |   0.0 |   0.0 |  58.0
       Ossuary |   6.6 |   6.6 |   0.0 |   0.0 |   0.0 | 170.0
        Bailey |   7.5 |   7.5 |   0.0 |   0.0 |   0.0 | 193.0
               +-------+-------+-------+-------+-------+----------------------

Table legend:
 A = Kills in this place as a percentage of kills in entire the game.
 B = Kills by you in this place as a percentage of kills by you in the entire game.
 C = Kills by friends in this place as a percentage of kills by friends in the entire game.
 D = Other kills in this place as a percentage of other kills in the entire game.
 E = Experience gained in this place as a percentage of experience gained in the entire game.
 F = Experience gained in this place divided by the number of levels of this place that you have seen.
                   A       B       C       D       E      F
               +-------+-------+-------+-------+-------+----------------------
         Total | 100.0 | 100.0 |  -nan |  -nan | 100.0 | 752.3
       Dungeon |  72.2 |  72.2 |  -nan |  -nan |  93.7 | 846.1
       Ossuary |  11.1 |  11.1 |  -nan |  -nan |   1.1 | 151.0
        Bailey |  16.7 |  16.7 |  -nan |  -nan |   5.2 | 700.0
               +-------+-------+-------+-------+-------+----------------------
